AoeStats
← MousePuddles

Arena

510243185Analyzed
1v1 RM · 8h ago on Sep 30, 2026· 41m 6s· 2 players
Game mode
Random Map
Map size
Tiny (2 player)
Population
200
Speed
Normal
Resources
Standard
Victory
Conquest
Starting age
Dark Age
Ending age
Imperial Age
RankedLock teamsTeams togetherTeam positionsShared explorationLock speedFull tech treeHidden civsTurbo modeCheats
Victory
Defeat
🇺🇸 Turks · United States
817
+16
🇺🇸 Vikings · United States
813
-16
tester
14:02 Feudal Age
12:18 Loom
14:33 Double-Bit Axe
14:30 Horse Collar
18:07 Castle Age
19:02 Bow Saw
19:04 Heavy Plow
21:46 Gold Mining
21:48 Stone Mining
22:23 Fervor
24:18 Gold Shaft Mining
24:54 Town Watch
25:21 Fletching
26:02 Bodkin Arrow
26:19 Forging
26:40 Town Patrol
28:10 Fortified Wall
27:40 Treadmill Crane
33:26 Imperial Age
32:41 Murder Holes
33:06 Ballistics
32:58 Masonry
33:21 Forging
33:12 Scale Mail Armor
34:47 Hoardings
35:43 Architecture
35:23 Bracer
35:59 Iron Casting
35:40 Chain Mail Armor
36:27 Chemistry
35:55 Conscription
37:31 Two-Man Saw
37:02 Crop Rotation
36:50 Squires
36:10 Pikeman
36:36 Arson
37:25 Chieftains
38:42 Blast Furnace
37:34 Elite Berserk
38:50 Plate Mail Armor
38:39 Bogsveigar
38:31 Sappers
39:56 Arrowslits
MousePuddles
12:32 Feudal Age
13:02 Double-Bit Axe
12:59 Horse Collar
13:11 Gold Mining
19:07 Castle Age
22:37 Bow Saw
22:32 Heavy Plow
27:21 Imperial Age
25:37 Wheelbarrow
25:51 Padded Archer Armor
25:46 Stone Mining
27:12 Leather Archer Armor
27:45 Hand Cart
28:32 Town Watch
30:18 Devotion
Connection lost

Rejoining the realm…

Still unreachable

The connection could not be restored.

Session expired

The server has moved on; the page needs a fresh start.